 Dungeon Crawl Stone Soup version 0.27-a0-1084-g78b3836a5f (webtiles) character file.

Game seed: 4130405172868819904

11002 robertstho the Eclecticist (level 11, -1/68 HPs)
             Began as a Djinni Fire Elementalist on Apr 26, 2021.
             Was a Priest of Ashenzari.
             Slain by a fire dragon (9 damage)
             ... on level 10 of the Dungeon.
             The game lasted 00:30:31 (16574 turns).

robertstho the Eclecticist (DjFE)                  Turns: 16574, Time: 00:30:32

Health: -1/68      AC:  9    Str:  7    XL:     11   Next: 70%
Gold:   212        EV: 17    Int: 20    God:    Ashenzari [***...] SH:  0 Dex: 20

rFire    + + .     SeeInvis +   i - +0 short sword (venom)
rCold    x . .     Faith    .   (no shield)
rNeg     . . .     Spirit   .   a - +1 robe "Mistrust of Ashenzari" {Melee, Fort} (curse)
rPois    ∞         Reflect  .   t - +0 helmet
rElec    .         Harm     .   A - +2 cloak "Repose of Ashenzari" {Evo, Cun} (curse)
rCorr    .         Rampage  .   n - +1 pair of gloves "Profound Trepidation" {Cun, Melee} (curse)
Will     +....     Clarity  +   (boots unavailable)
Stlth    ++++......             (no amulet)
HPRegen  0.21/turn              d - ring "Thunder Perfect Mind" {Dex+6, Evo, Range} (curse)
MPRegen  0.00/turn              l - ring "Lashed Sorrow" {SInv, Evo, Cun} (curse)

@: on berserk cooldown, flying, slowed, very slow
A: fire resistance 2, cold vulnerability 1, float, innate caster, hp casting,
extra vitality 1
a: Renounce Religion, Shatter the Chains


You were on level 10 of the Dungeon.
You worshipped Ashenzari.
Ashenzari was most pleased with you.
You visited 2 branches of the dungeon, and saw 11 of its levels.

You collected 596 gold pieces.
You spent 384 gold pieces at shops.

Inventory:

Hand Weapons
 h - a +3 flail
 i - a +0 short sword of venom (weapon)
 q - a +4 vorpal falchion
 v - a +0 hand crossbow
 B - the +5 mace "Laketuir" {drain, rPois}
   (You found it on level 5 of the Dungeon)

   A truly terrible weapon, it drains the life of those it strikes.
   It protects you from poison.
Missiles
 w - 159 bolts
 H - a curare-tipped dart
Armour
 a - the cursed +1 robe "Mistrust of Ashenzari" (worn) {Melee, Fort}

   It has a curse which improves the following skills: Melee Combat: Short
   Blades, Long Blades, Axes, Maces & Flails, Polearms, Staves and Unarmed
   Combat.
   Fortitude: Armour and Shields.
 n - the cursed +1 pair of gloves "Profound Trepidation" (worn) {Cun, Melee}
   (You found it on level 3 of the Dungeon)

   It has a curse which improves the following skills: Cunning: Dodging and
   Stealth.
   Melee Combat: Short Blades, Long Blades, Axes, Maces & Flails, Polearms,
   Staves and Unarmed Combat.
 t - a +0 helmet (worn)
 A - the cursed +2 cloak "Repose of Ashenzari" (worn) {Evo, Cun}
   (You took it off Crazy Yiuf on level 7 of the Dungeon)

   It has a curse which improves the following skills: Evocations: Evocations.
   Cunning:   Dodging and Stealth.
Jewellery
 d - the cursed ring "Thunder Perfect Mind" (left hand) {Dex+6, Evo, Range}
   (You found it on level 1 of the Dungeon)

   [ring of dexterity]

   It affects your dexterity (+6).
   It has a curse which improves the following skills: Evocations: Evocations.
   Ranged Combat: Slings, Bows, Crossbows and Throwing.
 j - a ring of willpower
 l - the cursed ring "Lashed Sorrow" (right hand) {SInv, Evo, Cun}
   (You found it on level 8 of the Dungeon)

   [ring of see invisible]

   It lets you see invisible.
   It has a curse which improves the following skills: Evocations: Evocations.
   Cunning:   Dodging and Stealth.
 D - a ring of ice
 I - a +4 ring of protection
Wands
 e - a wand of paralysis (7)
 u - a wand of iceblast (16)
 y - a wand of acid (9)
 F - a wand of flame (24)
 G - a wand of digging (6)
Scrolls
 b - 4 scrolls of enchant armour
 f - a scroll of brand weapon
 s - 3 scrolls of enchant weapon
 x - a scroll of magic mapping
 E - a scroll of summoning
Potions
 c - 5 potions of attraction
 g - 2 potions of haste
 k - 6 potions of curing
 m - 3 potions of mutation
 p - a potion of might
 r - 3 potions of brilliance
 z - 2 potions of cancellation


   Skills:
 + Level 2.1 Fighting
 + Level 1.1(2.8) Short Blades
 + Level 3.8(7.3) Dodging
 + Level 4.6(8.3) Stealth
 * Level 15.4 Spellcasting


You had 10 spell levels left.
You knew the following spells:

 Your Spells              Type           Power      Damage    Failure   Level
a - Foxfire               Conj/Fire      100%       2x1d9     0%          1
b - Conjure Flame         Conj/Fire      67%        6-21      1%          3
c - Inner Flame           Hex/Fire       67%        N/A       1%          3
d - Sticky Flame          Conj/Fire      67%        2d8       1%          4
e - Fireball              Conj/Fire      33%        3d14      1%          5
f - Summon Small Mammal   Summ           100%       N/A       0%          1
g - Wereblood             Tmut           67%        N/A       0%          2
h - Searing Ray           Conj           100%       3d7       0%          2
i - Dispel Undead         Necr           67%        3d23      1%          4
j - Yara's Violent Unrav  Hex/Tmut       33%        3d14      1%          5
Your spell library was empty.

Dungeon Overview and Level Annotations

Branches:
Dungeon (10/15)            Temple (1/1) D:5            Lair (0/6) D:8
    Orc: D:9-12

Altars:
Ashenzari
Cheibriados
Dithmenos
Elyvilon
Gozag
Hepliaklqana
Kikubaaqudgha
Makhleb
Nemelex Xobeh
Okawaru
Qazlal
Ru
Sif Muna
Trog
Uskayaw
Vehumet
Wu Jian
Xom
Yredelemnul
Zin
The Shining One

Shops:
D:2 !   D:10 (

Annotations:
D:8 Harold
D:10 1 runed translucent door


Innate Abilities, Weirdness & Mutations

You are immune to poison.
Your flesh is very heat resistant. (rF++)
You are vulnerable to cold. (rC-)
You float through the air rather than walking.
You learn spells naturally, not from books.
Your magical power is your life essence.
You have superior vitality. (+4 HP)


Message History

The fire dragon is heavily wounded.
You hit the fire dragon but do no damage.
The fire dragon is heavily wounded.
The fire dragon barely misses you. The fire dragon claws you.
* * * LOW HITPOINT WARNING * * *
The fire dragon tramples you.
* * * LOW HITPOINT WARNING * * *
You are shoved backwards!
You puncture the fire dragon!
The fire dragon looks as sick as possible!
The fire dragon is heavily wounded.
The fire dragon misses you. The fire dragon completely misses you.
The fire dragon barely misses you.
You puncture the fire dragon!
The fire dragon is severely wounded.
You are no longer berserk.
You are exhausted.
You feel yourself slow down.
You feel better.
The fire dragon bites you but does no damage.
The fire dragon claws you.
* * * LOW HITPOINT WARNING * * *
The fire dragon tramples you.
* * * LOW HITPOINT WARNING * * *
You are shoved backwards!
The fire dragon bites you.
* * * LOW HITPOINT WARNING * * *
The fire dragon claws you but does no damage.
The fire dragon tramples you.
* * * LOW HITPOINT WARNING * * *
You are shoved backwards!
You feel better. The fire dragon breathes flames at you.
The blast of flame misses you.
Unknown command.
You feel better. The fire dragon bites you!
* * * LOW HITPOINT WARNING * * *
The fire dragon claws you.
* * * LOW HITPOINT WARNING * * *
The fire dragon tramples you!
You die...

...##........#.......#........##
#...#####....?................# #
##.#.....#..............#.....# #
#.##...##.................)†.## #
..###....##.....<.....#######'.##
##.##....#..).....#..##{ *.{†#
###.#....).[[......### , ,{* #..[
....................# , ,{ *#9o
##.............D@..##, , #.
..###....(>.........# ,, , * *O
#.#.................## ,,, * *
#.###................## * ,***
#.#...................# * **
###........#.....##...# *
##..#####..#..........# , ,
...###..........#.....#*
..#######.#.?..(.##..##, 8 ,


You could see a fire dragon (very poisoned, catching breath).

Vanquished Creatures
  2 two-headed ogres
  A deep elf pyromancer (D:10)
  A gargoyle (D:10)
  3 trolls
  A hornet (D:8)
  2 meliai zombies (D:10)
  6 wyverns
  8 yaks
  4 steam dragons
  2 sky beasts
  4 orc warriors
  3 water moccasins
  2 black bears
  A hornet zombie (D:7)
  5 ogres
  A necrophage (D:5)
  4 centaurs
  A phantom (D:5)
  Blork the orc (D:6)
  4 kobold brigands
  A bullfrog (D:8)
  3 scorpions
  18 killer bees
  5 wights
  4 centaur zombies
  2 bullfrog zombies
  A bullfrog skeleton (D:7)
  2 orc priests
  Crazy Yiuf (D:7)
  A centaur skeleton (D:6)
  2 hounds
  2 jellies
  3 iguanas
  8 orc wizards
  2 howler monkey zombies (D:8)
  10 gnolls
  8 adders
  2 shadow imps
  2 white imps (D:8)
  2 ufetubi
  A worm (D:3)
  3 dart slugs
  22 orcs
  4 ball pythons
  6 bats
  4 endoplasms
  5 giant cockroaches
  13 goblins
  9 hobgoblins
  2 jackals (D:1)
  6 quokkas
  3 frilled lizards
  21 kobolds
  5 rats
239 creatures vanquished.

Vanquished Creatures (collateral kills)
  12 foxfires
12 creatures vanquished.

Vanquished Creatures (others)
  702 foxfires
  4 fungi (D:8)
  25 plants
731 creatures vanquished.

Grand Total: 982 creatures vanquished

Notes
Turn   | Place    | Note
-------+----------+-------------------------------------------
     0 | D:1      | robertstho the Djinni Fire Elementalist began the quest for
                  | the Orb.
     0 | D:1      | Reached XP level 1. HP: 15/15 MP: 0/0
   229 | D:1      | Reached skill level 3 in Spellcasting
   426 | D:1      | Reached XP level 2. HP: 18/21 MP: 0/0
  1300 | D:1      | Reached XP level 3. HP: 24/25 MP: 0/0
  1300 | D:1      | Learned a level 1 spell: Summon Small Mammal
  1314 | D:1      | Found a faded altar of an unknown god.
  1553 | D:2      | You are sucked into a shaft and drop 2 floors!
  2145 | D:2      | Noticed a scorpion
  2156 | D:2      | Killed a scorpion
  2157 | D:2      | Reached skill level 4 in Spellcasting
  2157 | D:2      | Reached XP level 4. HP: 22/31 MP: 0/0
  2405 | D:2      | Noticed a kobold brigand
  2414 | D:2      | Killed a kobold brigand
  2415 | D:2      | Reached XP level 5. HP: 27/35 MP: 0/0
  2415 | D:2      | Learned a level 2 spell: Wereblood
  2526 | D:2      | Found Rej Wunu's Distillery.
  2532 | D:2      | Bought a potion of degeneration for 12 gold pieces
  2532 | D:2      | Bought a potion of curing for 36 gold pieces
  3480 | D:3      | Reached skill level 5 in Spellcasting
  3480 | D:3      | Reached XP level 6. HP: 34/40 MP: 0/0
  3622 | D:3      | Found a sparkling altar of Nemelex Xobeh.
  4717 | D:4      | Reached skill level 6 in Spellcasting
  4717 | D:4      | Reached XP level 7. HP: 39/45 MP: 0/0
  4717 | D:4      | Learned a level 2 spell: Searing Ray
  4995 | D:4      | Noticed a steam dragon
  5004 | D:4      | Killed a steam dragon
  5315 | D:5      | Entered Level 5 of the Dungeon
  5333 | D:5      | Reached skill level 7 in Spellcasting
  5509 | D:5      | Reached XP level 8. HP: 45/50 MP: 0/0
  6137 | D:5      | Identified the +5 mace "Laketuir" {drain, rPois}
  6483 | D:5      | Reached skill level 8 in Spellcasting
  6756 | D:5      | Found a staircase to the Ecumenical Temple.
  6799 | Temple   | Entered the Ecumenical Temple
  7031 | D:6      | Found a large runed translucent door.
  7091 | D:6      | Found a large runed translucent door.
  7212 | D:6      | Noticed Blork the orc
  7221 | D:6      | Killed Blork the orc
  7475 | D:6      | Reached skill level 9 in Spellcasting
  7829 | D:6      | Found a white marble altar of Elyvilon.
  7853 | D:6      | Found a broken altar of Ashenzari.
  7860 | D:6      | Reached XP level 9. HP: 48/55 MP: 0/0
  7860 | D:6      | Learned a level 4 spell: Dispel Undead
  7862 | D:6      | Became a worshipper of Ashenzari the Shackled
  8051 | D:7      | Identified a scroll of acquirement
  8552 | D:7      | Reached skill level 10 in Spellcasting
  9134 | D:7      | Found a runed translucent door.
  9135 | D:7      | Noticed Crazy Yiuf
  9313 | D:7      | Killed Crazy Yiuf
  9397 | D:7      | Acquired a manual of Spellcasting
  9533 | D:2      | Bought a potion of heal wounds for 60 gold pieces
  9533 | D:2      | Bought a potion of haste for 120 gold pieces
  9533 | D:2      | Bought a potion of mutation for 96 gold pieces
  9533 | D:2      | Bought a potion of berserk rage for 60 gold pieces
  9647 | D:8      | Reached skill level 11 in Spellcasting
  9915 | D:8      | Found a staircase to the Lair.
 10217 | D:8      | Reached skill level 12 in Spellcasting
 10217 | D:8      | Reached XP level 10. HP: 22/61 MP: 0/0
 10627 | D:8      | Reached skill level 13 in Spellcasting
 10629 | D:8      | HP: 1/61 [yak (14)]
 10936 | D:8      | Reached skill level 1 in Fighting
 11419 | D:8      | Found a burning altar of Makhleb.
 11427 | D:8      | Found a glowing silver altar of Zin.
 11429 | D:8      | Found a glowing golden altar of the Shining One.
 11429 | D:8      | Noticed Harold
 11707 | D:9      | Noticed a two-headed ogre
 11712 | D:9      | Killed a two-headed ogre
 11713 | D:9      | Reached skill level 14 in Spellcasting
 11826 | D:9      | Reached * piety under Ashenzari
 12652 | D:9      | Reached XP level 11. HP: 58/68 MP: 0/0
 12652 | D:9      | Learned a level 5 spell: Yara's Violent Unravelling
 13030 | D:9      | Reached ** piety under Ashenzari
 13254 | D:9      | Found a shimmering altar of Xom.
 13571 | D:10     | Entered Level 10 of the Dungeon
 13620 | D:10     | Reached skill level 1 in Short Blades
 13927 | D:10     | Reached *** piety under Ashenzari
 14238 | D:10     | Found Zuddynk's Weapon Shoppe.
 14730 | D:10     | Found a runed translucent door.
 15119 | D:10     | Found a runed translucent door.
 15388 | D:10     | Noticed an orc knight
 15654 | D:10     | Noticed a fire dragon
 15659 | D:10     | Reached skill level 15 in Spellcasting
 15659 | D:10     | Noticed a two-headed ogre
 15663 | D:10     | Noticed a two-headed ogre
 15985 | D:10     | Noticed a two-headed ogre
 15990 | D:10     | Killed a two-headed ogre
 16145 | D:10     | Noticed a deep elf pyromancer
 16149 | D:10     | Killed a deep elf pyromancer
 16572 | D:10     | HP: 3/68 [fire dragon (4)]
 16574 | D:10     | Slain by a fire dragon

Illustrated notes

Levels and vault maps discovered:
D:1:      matt_arrival_grand_opening, layout_basic,
          chequers_ecumenical_altar_simple, kennysheep_boxes
D:2:      layout_basic, serial_shops, shop
D:3:      layout_basic, lemuel_crystal_altar
D:4:      cheibrodos_barr_body, layout_gridville
D:5:      wad_lake_hut, layout_loops_ring, temple_doors_ab
D:6:      layout_gridville, jmf_multi_god_temple2, uniq_blork_the_orc
D:7:      layout_basic, minmay_misc_feat_five, corexii_checkpoint_a,
          uniq_crazy_yiuf_cottage
D:8:      layout_gridville, chequers_temple_overflow_minitemple,
          minmay_lair_entry_grove, st_stairs_4, uniq_harold
D:9:      layout_basic, tgw_xom
D:10:     cheibrodos_histonic, layout_layer_cave, serial_shops, shop
Temple:   nicolae_temple_figure_eight

Skill      XL: |  1  2  3  4  5  6  7  8  9 10 11 |
---------------+----------------------------------+-----
Spellcasting   | 3 4 5 6 7 9 12 14 15 | 15.4
Stealth        | 2 3 4 |  4.6
Dodging        | 3 |  3.8
Fighting       | 1 2 |  2.1
Short Blades   | 1 |  1.1

Action                   |  1- 3 |  4- 6 |  7- 9 | 10-12 || total
-------------------------+-------+-------+-------+-------++-------
Melee: Unarmed           |     1 |       |       |       ||     1
       Short sword       |       |       |     3 |    27 ||    30
 Cast: Foxfire           |    66 |   128 |   223 |     6 ||   423
       Sticky Flame      |       |       |    14 |     6 ||    20
       Fireball          |       |       |    13 |   115 ||   128
       Searing Ray       |       |       |       |     2 ||     2
       Yara's Violent Un |       |       |       |     1 ||     1
Invok: Curse Item        |       |       |     1 |     4 ||     5
  Use: Scroll            |     3 |     1 |     3 |     3 ||    10
       Potion            |     1 |       |       |     6 ||     7
 Stab: Sleeping          |       |       |     1 |       ||     1
Armor: Robe              |     1 |     1 |    12 |    24 ||    38
Dodge: Dodged            |     9 |     4 |    40 |    36 ||    89

Table legend: (Time is in decaauts)
 A = Elapsed time spent in this place.
 B = Non-inter-level travel time spent in this place.
 C = Inter-level travel time spent in this place.
 D = Time resting spent in this place.
 E = Time spent auto-exploring this place.
 F = Levels seen in this place.
 G = Mean time per level.
                   A        B        C        D        E       F      G
               +--------+--------+--------+--------+--------+-----+--------+
         Total |  16576 |  15840 |    736 |   1999 |  12395 |  11 | 1506.9 |
       Dungeon |  16362 |  15637 |    725 |   1999 |  12193 |  10 | 1636.2 |
        Temple |    213 |    202 |     11 |      0 |    202 |   1 |  213.0 |
               +--------+--------+--------+--------+--------+-----+--------+

Top non-repeatable levels by time:
    D:10: 2768 daAuts
     D:7: 2029 daAuts
     D:9: 2003 daAuts
     D:8: 1690 daAuts
     D:5: 1535 daAuts
     D:1: 1475 daAuts
     D:2: 1449 daAuts
     D:4: 1348 daAuts
     D:3: 1115 daAuts
     D:6: 946 daAuts
  Temple: 213 daAuts
